 Dungeon Crawl Stone Soup version 0.30-b1-2-g02819fbbbe (webtiles) character file.

Game seed: 8286696673278344343

100 dorian the Sneak (level 4, 0/21 HPs)
             Began as a Vine Stalker Enchanter on Sept 8, 2023.
             Succumbed to an orc wizard's poison
             ... on level 3 of the Dungeon on Nov 10, 2023.
             The game lasted 00:03:23 (1783 turns).

dorian the Sneak (Vine Stalker Enchanter)           Turns: 1783, Time: 00:03:24

Health: 0/21       AC:  3    Str: 11    XL:     4   Next: 73%
Magic:  3/8        EV: 12    Int: 15    God:
Gold:   86         SH:  0    Dex: 16    Spells: 2/7 levels left

rFire   . . .        a - +2 dagger (elec)
rCold   . . .        (no shield)
rNeg    . . .        b - +0 robe
rPois   .            (no helmet)
rElec   .            j - +0 cloak
rCorr   .            (no gloves)
SInv    .            (no boots)
Will    .....        (no amulet)
Stlth   +++          (no ring)
HPRegen 1.03/turn    (no ring)
MPRegen 0.11/turn

%: guardian spirit
@: lethally poisoned (0 -> -6)
A: fangs 2, regeneration 1, magic shield, antimagic bite, no potion heal 2
a: no special abilities


You were on level 3 of the Dungeon.
You visited 1 branch of the dungeon, and saw 3 of its levels.

You collected 86 gold pieces.

Inventory:

Hand Weapons
 a - a +2 dagger of electrocution (weapon)
Armour
 b - a +0 robe (worn)
 j - a +0 cloak (worn)
Scrolls
 e - 2 scrolls of enchant weapon
Potions
 c - a potion of invisibility
 d - 3 potions of mutation
 f - 3 potions of curing
 g - a potion of cancellation {unknown}
 n - a potion of heal wounds {unknown}


   Skills:
 + Level 2.3 Short Blades
 - Level 1.5 Dodging
 + Level 4.8 Stealth
 - Level 2.1 Spellcasting
 + Level 3.9 Hexes


You had 2 spell levels left.
You knew the following spells:

 Your Spells              Type           Power      Damage    Failure   Level
a - Ensorcelled Hibernat  Hex/Ice        14%        N/A       14%         2
b - Confusing Touch       Hex            13%        N/A       13%         3

Your spell library contained the following spells:

 Spells                   Type           Power      Damage    Failure   Level
 Sting                    Tmut/Pois      4%         1d3       22%         1
 Poisonous Vapours        Pois/Air       2%         N/A       32%         2
 Tukima's Dance           Hex            13%        N/A       13%         3
 Dazzling Flash           Conj/Hex       14%        N/A       28%         3
 Olgreb's Toxic Radiance  Pois           1%         N/A       91%         4


Dungeon Overview and Level Annotations

Branches:
Dungeon (3/15)

Altars:
Hepliaklqana


Innate Abilities, Weirdness & Mutations

You have extremely sharp teeth.
Your natural rate of healing is unusually fast.
When hurt, damage is shared between your health and your magic reserves.
Your bite disrupts and absorbs the magic of your enemies.
Potions cannot restore your health.


Message History

Unknown command.
(D) Dungeon
Where to? (Enter - D:1 @ (x,y), ? - help)
What level of the Dungeon? (default 1, ? - help)
There is a stone staircase leading up here.
There is a stone staircase leading down here.
You climb downwards.
There is a stone staircase leading up here.
An orc is nearby!
You feel your willpower return. The orc hits you with a +0 short sword.
You hit the orc. You bite the orc.
You kill the orc!
No target in view!
Magic restored.
An orc and an orc wizard come into view.
The orc wizard is wielding a +2 dagger of venom.
Found a stone staircase leading up.
The orc wizard shouts!
The orc wizard mumbles some strange words.
The orc wizard flickers and vanishes!
Deactivating autopickup; reactivate with Ctrl-A.
Things that are here:
a +0 short sword; an orc corpse A rat comes into view.
An orc comes into view. It is wielding a +0 dagger.
Found a dented ruby amulet and a pair of boots.
Found an escape hatch in the ceiling.
You hear some strange, mumbled words.
A puff of flame appears from out of thin air!
The puff of flame hits you! Something hits you.
You are poisoned.
You feel very sick. Something hits you.
* * * LOW HITPOINT WARNING * * *
You are lethally poisoned!
* * * LOW HITPOINT WARNING * * *
You feel very sick.
The orc shouts!
You hear an angry hiss.
You die...

...######....#
#............##
...............
#......<#+##
#.######...#
.... # +...#
.... #.##...#
....# #...)..#
....# ####.@.#
..".<#
#...###.....+
#....o......#
#........#+#
####.....#
###.#<# .# o.
[. .# ### #


You could see 2 orcs.

Vanquished Creatures
  3 gnolls (D:2)
  3 adders (D:2)
  A worm (D:2)
  An orc (D:3)
  4 ball pythons
  4 endoplasms (D:1)
  2 giant cockroaches
  4 goblins (D:1)
  2 hobgoblins (D:2)
  3 jackals (D:2)
  2 quokkas
  2 bats (D:1)
  A frilled lizard (D:2)
  5 kobolds
  3 rats
40 creatures vanquished.

Notes
Turn   | Place    | Note
-------+----------+-------------------------------------------
     0 | D:1      | dorian the Vine Stalker Enchanter began the quest for the
                  | Orb.
     0 | D:1      | Reached XP level 1. HP: 9/9 MP: 4/4
    70 | D:1      | Reached skill level 1 in Short Blades
   260 | D:1      | Reached XP level 2. HP: 13/13 MP: 6/6
   348 | D:1      | Found a faded altar of an unknown god.
   418 | D:1      | Reached skill level 4 in Stealth
   657 | D:2      | Reached XP level 3. HP: 16/16 MP: 7/7
   815 | D:2      | Learned a level 2 spell: Ensorcelled Hibernation
   819 | D:2      | Learned a level 3 spell: Confusing Touch
  1089 | D:2      | Gained mutation: Your natural rate of healing is unusually
                  | fast. [Vine Stalker growth]
  1089 | D:2      | Reached XP level 4. HP: 21/21 MP: 1/8
  1368 | D:2      | Found a hazy altar of Hepliaklqana.
  1783 | D:3      | Succumbed to an orc wizard's poison

Illustrated notes

Levels and vault maps discovered:
D:1:      dpeg_arrival_short_road, layout_basic, ebering_ecumenical_altar_webs,
          corexii_leaking_fountain, minmay_pentomino_t4
D:2:      layout_loops_cross, basic_altar
D:3:      layout_basic, worldfamousw_hep_ancestral_shrine,
          minmay_misc_feat_enclosed, nicolae_concentric_dashed_squares_wild,
          kennysheep_pointless_box

Skill      XL: |  1  2  3 |
---------------+----------+-----
Short Blades   | 1 2 |  2.3
Stealth        | 4 |  4.8
Dodging        | |  1.5
Spellcasting   | |  2.1
Hexes          | |  3.9

Action                     |  1- 3 |  4- 6 || total
---------------------------+-------+-------++-------
  Melee: Dagger            |    80 |    43 ||   123
         Bite              |    17 |    15 ||    32
         Punch             |     1 |       ||     1
   Cast: Ensorcelled Hiber |     6 |       ||     6
    Use: Potion            |     1 |       ||     1
         Scroll            |       |     7 ||     7
   Stab: Sleeping          |     6 |     5 ||    11
         Invisible         |     1 |       ||     1
 Armour: Robe              |    19 |     6 ||    25
  Dodge: Dodged            |    61 |    17 ||    78
